 Dungeon Crawl Stone Soup version 0.19-a0-1170-g18f0c96 (webtiles) character file.

3642 hairmachine the Carver (level 9, 0/63 HPs)
             Began as a Minotaur Gladiator on Aug 17, 2016.
             Was a Believer of Hepliaklqana.
             Killed from afar by happinesssam's ghost (30 damage)
             ... with a bolt of negative energy
             ... on level 7 of the Dungeon.
             The game lasted 00:20:51 (8479 turns).

hairmachine the Carver (Minotaur Gladiator)         Turns: 8479, Time: 00:20:52

Health: 0/63       AC: 11    Str: 22    XL:     9   Next: 88%
Magic:  8/8        EV: 16    Int: 10    God:    Hepliaklqana [**....]
Gold:   462        SH:  0    Dex: 16    Spells: 0 memorised, 8 levels left

rFire  . . .     SeeInvis .     a - +0 long sword
rCold  . . .     Gourm    .     z - +0 ring mail of Nihilism {Dex+4 Slay+3}
rNeg   . . .     Faith    .     (no shield)
rPois  .         Spirit   .     c - +1 hat
rElec  .         Dismiss  +     (no cloak)
rCorr  .         Reflect  .     A - +0 pair of gloves
MR     .....     Harm     .     i - +2 pair of boots
Stlth  +.........               m - amulet of dismissal
                                y - ring of wizardry
                                q - +5 ring of intelligence

@: very slightly contaminated, drained
A: retaliatory headbutt, horns 2
a: Ancestor Life: Knight, Ancestor Life: Battlemage, Ancestor Life: Hexer,
Recall Ancestor, Ancestor Identity, Renounce Religion


You were on level 7 of the Dungeon.
You worshipped Hepliaklqana.
Hepliaklqana was pleased with you.
You were not hungry.

You visited 1 branch of the dungeon, and saw 8 of its levels.

You collected 519 gold pieces.
You spent 57 gold pieces at shops.

Inventory:

Hand Weapons
 a - a +0 long sword (weapon)
Missiles
 d - 3 throwing nets (quivered)
Armour
 c - a +1 hat (worn)
 i - a +2 pair of boots (worn)
 z - the +0 ring mail of Nihilism (worn) {Dex+4 Slay+3}
   (You found it on level 8 of the Dungeon)

   It affects your dexterity (+4).
   It affects your accuracy and damage with ranged weapons and melee attacks
   (+3).
 A - a +0 pair of gloves (worn)
Jewellery
 m - an amulet of dismissal (around neck)
 q - a +5 ring of intelligence (left hand)
 y - a ring of wizardry (right hand)
Wands
 w - a wand of acid (15/15)
 x - a wand of confusion (29/48)
Scrolls
 e - a scroll of enchant armour
 h - 8 scrolls of identify
 l - a scroll of immolation
 n - a scroll of teleportation
 o - 3 scrolls of recharging
 r - a scroll of noise {unknown}
 s - 2 scrolls of blinking
 u - 5 scrolls of magic mapping
Potions
 g - a potion of ambrosia {unknown}
 j - 2 potions of cure mutation
 v - a potion of curing {unknown}
Comestibles
 b - 4 meat rations
 f - 4 bread rations
 p - 2 beef jerkies
 t - 4 fruits


   Skills:
 + Level 4.1(3.4) Fighting
 * Level 12.8(12.0) Long Blades
 - Level 2.0(1.4) Throwing
 + Level 6.5(5.9) Armour
 * Level 8.2(7.5) Dodging


You had 8 spell levels left.
You didn't know any spells.

Dungeon Overview and Level Annotations

Branches:
Dungeon (8/15)             Temple (0/1) D:7
   Lair: D:8-11

Altars:
Fedhas
Hepliaklqana
Kikubaaqudgha
Ru
Zin
The Shining One

Shops:
D:7 *

Annotations:
D:4 Dowan, Duvessa, Edmund, Grinder
D:7 happinesssam's ghost, novice DrSk
D:8 Grum; Psyche


Innate Abilities, Weirdness & Mutations

You reflexively headbutt those who attack you in melee.
You have a pair of horns on your head.


Message History

There is a stone staircase leading up here.
You flicker for a moment.
You climb upwards.
Level annotation: happinesssam's ghost, novice DrSk
There is a stone staircase leading down here.
Cyneburga emerges from the mists of memory!
You flicker back into view.
You swap places.
You start resting.
Eating one of 7 chunks of flesh.
You start eating one of the 7 chunks of flesh.
You continue eating. x2
You finish eating.
This raw flesh tastes terrible.
All of the chunks of flesh in your inventory have rotted away.
Happinesssam's ghost is nearby!
Happinesssam's ghost is nearby!
You swap places.
You start resting.
Happinesssam's ghost breathes negative energy at you.
The bolt of negative energy hits you!
You feel drained.
You die...

....## #. ##..# ##....
# ##. ##..# ...... #.
... ....# #...# ##'#
### ###.# #...# ##...##
###.# #..## ##.....##
.##.# +...##
##.......## # ..#.###
##....####.........####
......#
#...R.@..'.........'...
..#.###
##....####.........####
.##.# ##W#.##
#.......## # ###.#
#..### ##.....## #.#
#.## ##...## #.# #.#
##'## #.# #.# #.# #.#
#.# #.# #.# ##.## ##.##


You could see the friendly Cyneburga the ancestor and happinesssam's ghost.

Vanquished Creatures
  A wyvern (D:6)
  A hungry ghost (D:7)
  A water moccasin (D:6)
  A black bear (D:8)
  An eye of draining (D:8)
  A phantom (D:4)
  3 ogres
  2 centaurs
  4 wolves (D:8)
  Blork the orc (D:5)
  2 giant frogs (D:6)
  A gnoll sergeant (D:8)
  A scorpion (D:8)
  A water moccasin skeleton (D:6)
  8 killer bees
  A crimson imp (D:6)
  2 jellies (D:7)
  2 giant frog skeletons
  7 orc wizards
  A quasit (D:8)
  2 hounds (D:8)
  2 iguanas
  5 worker ants
  A hound skeleton (D:7)
  Robin (D:2)
  20 gnolls
  7 adders
  A shadow imp (D:6)
  An ooze (D:2)
  An adder skeleton (D:6)
  An adder zombie (D:6)
  4 worms
  A dart slug (D:1)
  5 giant geckos
  17 orcs
  3 ball pythons
  8 bats
  7 giant cockroaches
  9 hobgoblins
  9 jackals
  9 kobolds
  5 quokkas
  A giant gecko zombie (D:3)
  7 giant newts
  16 goblins
  A jackal skeleton (D:7)
  7 rats
193 creatures vanquished.

Vanquished Creatures (collateral kills)
  Prince Ribbit (D:8)
  The ghost of jacquesderrida the Cudgeler, an amateur MiWr (D:4)
  A hound (D:6)
  3 worker ants
  A dart slug (D:3)
  2 worms (D:3)
  3 orcs (D:6)
  A ball python (D:6)
  A goblin (D:2)
  A hobgoblin (D:2)
  3 quokkas
  A rat (D:3)
19 creatures vanquished.

Vanquished Creatures (others)
  A sky beast (D:8)
  2 ancestors
3 creatures vanquished.

Grand Total: 215 creatures vanquished

Notes
Turn   | Place    | Note
-------+----------+-------------------------------------------
     0 | D:1      | hairmachine the Minotaur Gladiator began the quest for the Orb.
     0 | D:1      | Reached XP level 1. HP: 18/18 MP: 0/0
    41 | D:1      | Reached skill level 4 in Long Blades
   130 | D:1      | Reached XP level 2. HP: 25/25 MP: 1/1
   260 | D:1      | Reached skill level 5 in Long Blades
   390 | D:1      | Reached XP level 3. HP: 30/30 MP: 2/2
  1342 | D:2      | Found a hazy altar of Hepliaklqana.
  1357 | D:2      | Became a worshipper of Hepliaklqana
  1670 | D:2      | Noticed Robin
  1687 | D:2      | Killed Robin
  1687 | D:2      | Reached skill level 6 in Long Blades
  1687 | D:2      | Reached XP level 4. HP: 19/33 MP: 3/3
  1705 | D:2      | HP: 1/33 [worm (9)]
  2575 | D:2      | Reached XP level 5. HP: 37/37 MP: 4/4
  2608 | D:3      | Reached skill level 7 in Long Blades
  3663 | D:3      | Reached skill level 8 in Long Blades
  3663 | D:3      | Reached XP level 6. HP: 27/45 MP: 5/5
  3671 | D:3      | Reached skill level 1 in Armour
  4090 | D:4      | Noticed Dowan
  4092 | D:4      | Noticed Duvessa
  4158 | D:4      | Reached * piety under Hepliaklqana
  4299 | D:4      | Noticed jacquesderrida's ghost (amateur MiWr)
  4306 | D:4      | Noticed Edmund
  4310 | D:4      | Noticed Grinder
  4313 | D:4      | Killed jacquesderrida's ghost
  4313 | D:4      | Reached skill level 9 in Long Blades
  4313 | D:4      | Reached XP level 7. HP: 10/50 MP: 6/6
  4982 | D:5      | Entered Level 5 of the Dungeon
  5198 | D:5      | Noticed Blork the orc
  5206 | D:5      | Killed Blork the orc
  5710 | D:5      | Reached skill level 5 in Dodging
  6168 | D:6      | Reached skill level 10 in Long Blades
  6168 | D:6      | Reached XP level 8. HP: 51/55 MP: 7/7
  6374 | D:6      | Reached skill level 5 in Armour
  6656 | D:6      | Reached skill level 11 in Long Blades
  6791 | D:6      | Found an ancient bone altar of Kikubaaqudgha.
  6794 | D:6      | Found a blossoming altar of Fedhas.
  7084 | D:7      | Reached XP level 9. HP: 42/61 MP: 8/8
  7286 | D:7      | Found a staircase to the Ecumenical Temple.
  7408 | D:7      | Found Soiwuoh's Assorted Antiques.
  7414 | D:7      | Bought a scroll of teleportation for 57 gold pieces
  7452 | D:7      | Reached ** piety under Hepliaklqana
  7578 | D:7      | Noticed happinesssam's ghost (novice DrSk)
  7863 | D:8      | Found a blossoming altar of Fedhas.
  7911 | D:8      | Noticed Prince Ribbit
  7961 | D:8      | Reached skill level 12 in Long Blades
  7981 | D:8      | Killed Prince Ribbit
  8137 | D:8      | Got a bronze ring mail
  8138 | D:8      | Identified the +0 ring mail of Nihilism {Dex+4 Slay+3} (You found it on level 8 of the Dungeon)
  8206 | D:8      | Found a sacrificial altar of Ru.
  8304 | D:8      | Found a glowing golden altar of the Shining One.
  8305 | D:8      | Found a glowing silver altar of Zin.
  8364 | D:8      | Noticed Grum
  8404 | D:8      | Noticed Psyche
  8479 | D:7      | Killed from afar by happinesssam's ghost

Vault maps used:
D:1:      dpeg_arrival_chambers_temple_mockup, serial_co_window_serial,
          co_window_corner_a, co_window_of_opportunity_a,
          co_window_of_opportunity_a, co_window_paths_b, co_window_paths_b,
          co_window_corner_ca, co_window_unsneaky_path_c,
          co_window_of_opportunity_b, co_window_corner_cb, co_window_2corner,
          glass_columns_b
D:2:      nicolae_overflow_crystal_walls, minmay_misc_feat_rows, uniq_robin
D:3:      wad_woods_settlement, first_bread
D:4:      grunt_decor_fettered, wad_floor_pattern_untrapped, uniq_eustachio,
          uniq_pikel, uniq_edmund, uniq_duvessa, uniq_grinder
D:5:      uniq_blork_the_orc
D:6:      grunt_temple_overflow_growth_and_decay
D:7:      grunt_temple_overflow_lords_of_destruction, serial_shops, shop
D:8:      nicolae_ru_awakened_eye, gammafunk_temple_overflow_pools, basic_altar,
          uniq_psyche, uniq_prince_ribbit1, uniq_grum

Skill      XL: |  1  2  3  4  5  6  7  8  9 |
---------------+----------------------------+-----
Long Blades    | 4 5 6 8 9 10 11 12 | 12.8
Armour         | 2 3 5 6 |  6.5
Dodging        | 4 5 6 8 |  8.2
Fighting       | 4 |  4.1
Throwing       | |  2.0

Action                   |  1- 3 |  4- 6 |  7- 9 || total
-------------------------+-------+-------+-------++-------
Melee: Long sword        |    86 |   155 |   348 ||   589
       Headbutt          |    10 |    32 |    68 ||   110
Invok: Recall Ancestor   |       |     1 |     1 ||     2
       Ancestor Identity |       |       |     1 ||     1
  Use: Potion            |       |       |     4 ||     4
       Scroll            |       |       |    13 ||    13
 Stab: Distracted        |       |       |     1 ||     1
  Eat: Chunk             |     2 |     9 |    12 ||    23
       Fruit             |       |       |     1 ||     1
       Beef jerky        |       |       |     1 ||     1
Armor: Leather armour    |     8 |     2 |       ||    10
       Ring mail         |       |    28 |    50 ||    78
       Scale mail        |       |       |    38 ||    38
Dodge: Dodged            |    41 |    54 |   191 ||   286
